 Dungeon Crawl Stone Soup version 0.27-a0-1302-g7736ffe575 (webtiles) character file.

Game seed: 15814624007414273640

2773 Ijustatesigmund the Blocker (level 9, -6/111 HPs)
             Began as a Gnoll Fighter on June 18, 2021.
             Mangled by a yak (9 damage)
             ... on level 8 of the Dungeon.
             The game lasted 00:09:39 (7121 turns).

Ijustatesigmund the Blocker (Gnoll Fighter)         Turns: 7121, Time: 00:09:40

Health: -6/111     AC: 24    Str: 19 (21) XL:     9   Next: 70%
Magic:  15/15      EV:  2    Int:  7 (9)  God:
Gold:   389        SH: 12    Dex: 11 (14) Spells: 14/17 levels left

rFire    . . .     SeeInvis +   A - +3 war axe (freeze)
rCold    . . .     Faith    .   c - +1 kite shield
rNeg     + + +     Spirit   .   (armour currently unavailable)
rPois    +         Reflect  .   (helmet currently unavailable)
rElec    .         Harm     .   (cloak currently unavailable)
rCorr    .         Rampage  .   (gloves currently unavailable)
Will     .....     NoTele   +   (boots currently unavailable)
Stlth    ++........             (no amulet)
HPRegen  0.28/turn              l - ring of see invisible
MPRegen  0.14/turn              r - +6 ring of strength

@: tree-form
A: stationary, stasis, torment immunity, boosted hp, (fangs 1), strong nose,
distributed training
a: no special abilities


You were on level 8 of the Dungeon.
You were a tree.
You visited 1 branch of the dungeon, and saw 8 of its levels.

You collected 389 gold pieces.

Inventory:

Hand Weapons
 a - a +1 war axe of flaming
 u - a +2 flail of holy wrath
 A - a +3 war axe of freezing (weapon)
Missiles
 m - a throwing net (quivered)
Armour
 b - the +8 chain mail "Myicedal" (melded) {-Cast Will+ Dex+4}
   (You found it on level 8 of the Dungeon)

   It affects your dexterity (+4).
   It prevents spellcasting.
   It increases your willpower.
 c - a +1 kite shield (worn)
 f - a +1 pair of boots (melded)
 x - a +1 cloak (melded)
Jewellery
 g - a ring of fire
 j - a ring of wizardry
 l - a ring of see invisible (left branch)
 r - a +6 ring of strength (right branch)
 v - the ring "Ychy" {Fire Stlth+}
   (You found it on level 5 of the Dungeon)

   [ring of fire]

   It enhances your fire magic.
   It protects you from fire.
   It makes you vulnerable to cold.
   It makes you more stealthy.
 C - the ring of Odeisudgho {Wiz rPois rN+ Int+2 Slay-2}
   (You found it on level 7 of the Dungeon)

   [ring of wizardry]

   It improves your spell success rate.
   It affects your intelligence (+2).
   It affects your accuracy and damage with ranged weapons and melee attacks
   (-2).
   It protects you from poison.
   It protects you from negative energy.
Wands
 w - a wand of digging (3)
 y - a wand of flame (14)
Scrolls
 i - a scroll of magic mapping
 k - a scroll of teleportation
Potions
 d - 3 potions of might
 e - a potion of haste
 h - a potion of resistance
 n - a potion of ambrosia
 o - a potion of flight
 p - a potion of invisibility
 t - a potion of mutation
 z - a potion of curing {unknown}


   Skills:
 + Level 8.0 Fighting
 + Level 4.5 Short Blades
 + Level 4.5 Long Blades
 + Level 6.5 Axes
 + Level 4.5 Maces & Flails
 + Level 4.5 Polearms
 + Level 4.5 Staves
 + Level 4.5 Slings
 + Level 4.5 Bows
 + Level 4.5 Crossbows
 + Level 4.5 Throwing
 + Level 8.0 Armour
 + Level 4.5 Dodging
 + Level 4.5 Stealth
 + Level 8.0 Shields
 + Level 4.5 Unarmed Combat
 + Level 4.5 Spellcasting
 + Level 3.7 Conjurations
 + Level 3.7 Hexes
 + Level 3.7 Summonings
 + Level 3.7 Necromancy
 + Level 3.7 Translocations
 + Level 3.7 Transmutations
 + Level 3.7 Fire Magic
 + Level 3.7 Ice Magic
 + Level 3.7 Air Magic
 + Level 3.7 Earth Magic
 + Level 3.7 Poison Magic
 + Level 5.0 Invocations
 + Level 4.5 Evocations


You had 14 spell levels left.
You knew the following spells:

 Your Spells              Type           Power      Damage    Failure   Level
a - Magic Dart            Conj           24%        1d4       16%         1
b - Blink                 Tloc           N/A        N/A       24%         2

Your spell library contained the following spells:

 Spells                   Type           Power      Damage    Failure   Level
 Freeze                   Ice            24%        1d5       16%         1
 Summon Small Mammal      Summ           24%        N/A       16%         1
 Call Imp                 Summ           6%         N/A       24%         2
 Searing Ray              Conj           12%        3d3       24%         2
 Slow                     Hex            6%         N/A       24%         2
 Call Canine Familiar     Summ           6%         N/A       43%         3
 Conjure Flame            Conj/Fire      6%         6-21      43%         3
 Dazzling Flash           Conj/Hex       12%        N/A       43%         3
 Frozen Ramparts          Ice            12%        1d3       43%         3
 Mephitic Cloud           Conj/Pois/Air  6%         N/A       43%         3
 Ozocubu's Armour         Ice            6%         N/A       43%         3
 Summon Guardian Golem    Hex/Summ       6%         N/A       43%         3
 Fulminant Prism          Conj/Hex       3%         3d6       83%         4
 Hailstorm                Conj/Ice       6%         3d4       83%         4
 Iskenderun's Mystic Bla  Conj/Tloc      6%         2d4       83%         4
 Summon Ice Beast         Ice/Summ       6%         N/A       83%         4
 Summon Lightning Spire   Summ/Air       6%         N/A       83%         4
 Metabolic Englaciation   Hex/Ice        3%         N/A       99%         5


Dungeon Overview and Level Annotations

Branches:
Dungeon (8/15)             Temple (0/1) D:7
   Lair: D:8-11

Altars:
Nemelex Xobeh
Sif Muna
Vehumet
Yredelemnul
Zin
Lugonu

Shops:
D:7 *

Annotations:
D:7 2 transporters


Innate Abilities, Weirdness & Mutations

You are a tree.
Your roots penetrate the ground, keeping you stationary.
You cannot be teleported.
You are immune to unholy pain and torment.
Your maximum health is greatly increased.
Your equipment is partially melded.
((You have very sharp teeth.))
Your uncanny sense of smell can sniff out nearby items.
Your experience applies equally to all skills.


Message History

You are too injured to fight recklessly!
You are too injured to fight recklessly!
You are too injured to fight recklessly!
You are too injured to fight recklessly!
You are too injured to fight recklessly!
You are too injured to fight recklessly!
You are too injured to fight recklessly!
You are too injured to fight recklessly!
You are too injured to fight recklessly!
You are too injured to fight recklessly!
You are too injured to fight recklessly!
You are too injured to fight recklessly!
Unknown command.
You feel very mighty all of a sudden. The yak gores you!
* * * LOW HITPOINT WARNING * * *
You slice the yak!! You freeze the yak.
You kill the yak!
Your Invocations skill increases to level 5!
Okay, then.
It was a potion of cancellation.
Your magical effects are unravelling.
You feel magically purged.
You feel a little less mighty now. You block the yak's attack.
It was a potion of degeneration.
There was something very wrong with that liquid.
You feel weakened.
You feel dopey.
You feel clumsy. The orc hits you but does no damage.
The orc priest mumbles some strange prayers to Beogh against you.
Beogh smites you!
* * * LOW HITPOINT WARNING * * *
The yak barely misses you.
Really quaff the potion of lignification?
You turn into a tree.
Your +1 cloak melds into your body.
Your +1 pair of boots melds into your body.
The +8 chain mail "Myicedal" {-Cast Will+ Dex+4} melds into your body.
Your roots penetrate the ground.
The orc hits you but does no damage. The yak gores you!
You die...

#.#.># ###
.....###########.##
#.................#
.....###########.##
###.## #.# #.# #.#
#.# #.# ##'## #.#
##...## #♣#
#[....## #Y#
.......##


ooY ∆ ........# ..D.. .....<..+ ....... ........# ......... .......##
##........# #.....## #........# ##...... You could see 2 yaks, a steam dragon,
an orc priest and an orc.

Vanquished Creatures
  2 yaks (D:8)
  Eustachio (D:4)
  Edmund (D:4)
  2 ice beasts
  A black bear (D:6)
  A necrophage (D:6)
  4 ogres
  A centaur (D:5)
  A phantom (D:4)
  A bullfrog (D:7)
  2 water moccasin zombies
  3 scorpions
  2 wyvern zombies (D:6)
  A water moccasin skeleton (D:7)
  4 wights (D:7)
  2 howler monkeys
  4 jellies
  A bullfrog zombie (D:5)
  2 orc priests (D:4)
  A bullfrog skeleton (D:5)
  Crazy Yiuf (D:4)
  4 iguanas
  3 orc wizards
  A killer bee zombie (D:5)
  4 adders
  4 gnolls (D:4)
  A shadow imp (D:5)
  A white imp (D:7)
  An ufetubus (D:4)
  2 worms (D:2)
  3 dart slugs
  13 orcs
  5 ball pythons
  8 endoplasms
  3 giant cockroaches
  7 goblins
  8 hobgoblins
  4 jackals (D:2)
  3 kobolds
  2 quokkas
  2 bats
  5 frilled lizards
  5 rats
  A spectral orc (D:7)
128 creatures vanquished.

Notes
Turn   | Place    | Note
-------+----------+-------------------------------------------
     0 | D:1      | Ijustatesigmund the Gnoll Fighter began the quest for the
                  | Orb.
     0 | D:1      | Reached XP level 1. HP: 23/23 MP: 1/1
   157 | D:1      | Reached XP level 2. HP: 29/29 MP: 2/2
   556 | D:2      | Reached XP level 3. HP: 32/35 MP: 3/3
   732 | D:2      | Reached skill level 1 in Invocations
   869 | D:2      | Reached skill level 1 in Short Blades
   869 | D:2      | Reached skill level 1 in Long Blades
   869 | D:2      | Reached skill level 1 in Maces & Flails
   869 | D:2      | Reached skill level 1 in Polearms
   869 | D:2      | Reached skill level 1 in Staves
   869 | D:2      | Reached skill level 1 in Slings
   869 | D:2      | Reached skill level 1 in Bows
   869 | D:2      | Reached skill level 1 in Crossbows
   869 | D:2      | Reached skill level 1 in Throwing
   869 | D:2      | Reached skill level 1 in Dodging
   869 | D:2      | Reached skill level 1 in Stealth
   869 | D:2      | Reached skill level 1 in Unarmed Combat
   869 | D:2      | Reached skill level 1 in Spellcasting
   869 | D:2      | Reached skill level 1 in Evocations
   893 | D:2      | Reached XP level 4. HP: 41/41 MP: 5/5
   901 | D:2      | Learned a level 1 spell: Magic Dart
   904 | D:2      | Learned a level 2 spell: Blink
  1246 | D:2      | Found a shimmering blue altar of Sif Muna.
  1542 | D:3      | Found a faded altar of an unknown god.
  1961 | D:3      | Reached skill level 1 in Conjurations
  1961 | D:3      | Reached skill level 1 in Hexes
  1961 | D:3      | Reached skill level 1 in Summonings
  1961 | D:3      | Reached skill level 1 in Necromancy
  1961 | D:3      | Reached skill level 1 in Translocations
  1961 | D:3      | Reached skill level 1 in Transmutations
  1961 | D:3      | Reached skill level 1 in Fire Magic
  1961 | D:3      | Reached skill level 1 in Ice Magic
  1961 | D:3      | Reached skill level 1 in Air Magic
  1961 | D:3      | Reached skill level 1 in Earth Magic
  1961 | D:3      | Reached skill level 1 in Poison Magic
  2155 | D:3      | You fall into a shaft and drop 2 floors!
  2155 | D:5      | Entered Level 5 of the Dungeon
  2608 | D:4      | Reached XP level 5. HP: 42/47 MP: 5/7
  2758 | D:4      | Noticed a phantom
  2769 | D:4      | Killed a phantom
  3182 | D:4      | Reached XP level 6. HP: 48/53 MP: 8/8
  3197 | D:4      | Reached skill level 5 in Axes
  3437 | D:4      | Noticed Edmund
  3448 | D:4      | Killed Edmund
  3449 | D:4      | Reached XP level 7. HP: 51/60 MP: 10/10
  3774 | D:4      | Found a runed translucent door.
  3775 | D:4      | Noticed Crazy Yiuf
  3780 | D:4      | Killed Crazy Yiuf
  4389 | D:5      | Noticed Eustachio
  4392 | D:5      | Found a radiant altar of Vehumet.
  4399 | D:5      | Identified the ring "Ychy" {Fire Stlth+}
  4427 | D:5      | Reached XP level 8. HP: 57/67 MP: 12/12
  4646 | D:4      | Killed Eustachio
  4904 | D:5      | Found a sparkling altar of Nemelex Xobeh.
  5774 | D:6      | Reached XP level 9. HP: 51/72 MP: 14/14
  6281 | D:7      | Found Zin's Purification Station.
  6289 | D:7      | Found a glowing silver altar of Zin.
  6461 | D:7      | Noticed a purple ugly thing
  6461 | D:7      | Noticed an unseen horror
  6461 | D:7      | Noticed a purple ugly thing
  6462 | D:7      | Found a transporter.
  6462 | D:7      | Noticed a green ugly thing
  6464 | D:7      | Found a corrupted altar of Lugonu.
  6464 | D:7      | Noticed a green ugly thing
  6465 | D:7      | Noticed a jumping spider
  6814 | D:7      | Found a staircase to the Ecumenical Temple.
  6833 | D:7      | Identified the ring of Odeisudgho {Wiz rPois rN+ Int+2
                  | Slay-2}
  6923 | D:7      | Found a transporter.
  6923 | D:7      | Noticed a meliai
  6930 | D:7      | Noticed an orb spider
  6932 | D:7      | an orb spider changed into a blink frog
  6969 | D:7      | Found a basalt altar of Yredelemnul.
  7020 | D:8      | Identified the +8 chain mail "Myicedal" {-Cast Will+ Dex+4}
  7119 | D:8      | Reached skill level 5 in Invocations
  7120 | D:8      | HP: 2/74 [orc priest/divine providence (13)]
  7121 | D:8      | Mangled by a yak

Illustrated notes

Levels and vault maps discovered:
D:1:      matt_arrival_grand_opening, layout_rooms
D:2:      layout_basic, basic_altar, minmay_misc_feat_rows
D:3:      layout_loops_ring, basic_ecumenical_altar
D:4:      layout_loops_ring, dk_noncrumbling_4, minmay_box_of_dots,
          uniq_crazy_yiuf_cottage, uniq_edmund
D:5:      minmay_skewed_foursquare, layout_basic, lemuel_coloured_pillars_altar,
          lemuel_crystal_altar, uniq_eustachio
D:6:      layout_loops_ring
D:7:      gammafunk_corrupted_shrine, layout_basic,
          yredelemnul_forgotten_temple_becter, zin_purify,
          minmay_temple_entry_butterflies
D:8:      minmay_the_grid_square_5x5_3x3 [minmay_the_grid_square_5x5_tri_point,
          minmay_the_grid_square_5x5_longway,
          minmay_the_grid_square_5x5_n_small, minmay_the_grid_square_5x5_corner,
          minmay_the_grid_square_5x5_megaprize_checkered,
          minmay_the_grid_square_5x5_tetrominoes,
          minmay_the_grid_square_5x5_three, minmay_the_grid_square_5x5_shrine1,
          minmay_the_grid_square_5x5_meh], layout_loops_corners,
          kennysheep_mini_moat, uniq_grum

Skill      XL: |  1  2  3  4  5  6  7  8  9 |
---------------+----------------------------+-----
Invocations    | 1 2 3 4 5 |  5.0
Short Blades   | 1 2 3 4 |  4.5
Long Blades    | 1 2 3 4 |  4.5
Maces & Flails | 1 2 3 4 |  4.5
Polearms       | 1 2 3 4 |  4.5
Staves         | 1 2 3 4 |  4.5
Slings         | 1 2 3 4 |  4.5
Bows           | 1 2 3 4 |  4.5
Crossbows      | 1 2 3 4 |  4.5
Throwing       | 1 2 3 4 |  4.5
Dodging        | 1 2 3 4 |  4.5
Stealth        | 1 2 3 4 |  4.5
Unarmed Combat | 1 2 3 4 |  4.5
Spellcasting   | 1 2 3 4 |  4.5
Evocations     | 1 2 3 4 |  4.5
Conjurations   | 1 2 3 |  3.7
Hexes          | 1 2 3 |  3.7
Summonings     | 1 2 3 |  3.7
Necromancy     | 1 2 3 |  3.7
Translocations | 1 2 3 |  3.7
Transmutations | 1 2 3 |  3.7
Fire Magic     | 1 2 3 |  3.7
Ice Magic      | 1 2 3 |  3.7
Air Magic      | 1 2 3 |  3.7
Earth Magic    | 1 2 3 |  3.7
Poison Magic   | 1 2 3 |  3.7
Axes           | 5 6 |  6.5
Fighting       | 7 8 |  8.0
Armour         | 7 8 |  8.0
Shields        | 7 8 |  8.0

Action                   |  1- 3 |  4- 6 |  7- 9 || total
-------------------------+-------+-------+-------++-------
Melee: War axe           |    92 |   140 |   211 ||   443
       Bite              |     4 |    18 |    27 ||    49
Throw: Throwing net      |       |       |     3 ||     3
 Cast: Magic Dart        |       |       |    12 ||    12
  Use: Scroll            |     1 |     9 |     8 ||    18
       Potion            |       |       |     4 ||     4
 Stab: Sleeping          |       |     3 |     5 ||     8
       Held in net/web   |       |       |     1 ||     1
Armor: Scale mail        |    35 |    13 |       ||    48
       Ring mail         |       |    32 |    60 ||    92
       Chain mail        |       |       |     6 ||     6
       Skin              |       |       |     1 ||     1
Dodge: Dodged            |    16 |    48 |    76 ||   140
Block: Kite shield       |    43 |    80 |   132 ||   255

Table legend: (Time is in decaauts)
 A = Elapsed time spent in this place.
 B = Non-inter-level travel time spent in this place.
 C = Inter-level travel time spent in this place.
 D = Time resting spent in this place.
 E = Time spent auto-exploring this place.
 F = Levels seen in this place.
 G = Mean time per level.
                   A        B        C        D        E       F      G
               +--------+--------+--------+--------+--------+-----+--------+
         Total |   7299 |   7142 |    157 |   1046 |   4926 |   8 |  912.4 |
       Dungeon |   7299 |   7142 |    157 |   1046 |   4926 |   8 |  912.4 |
               +--------+--------+--------+--------+--------+-----+--------+

Top non-repeatable levels by time:
     D:4: 1519 daAuts
     D:5: 1186 daAuts
     D:6: 1107 daAuts
     D:3: 1036 daAuts
     D:2: 995 daAuts
     D:7: 773 daAuts
     D:1: 567 daAuts
     D:8: 112 daAuts
